 Dungeon Crawl Stone Soup version 0.15-a0-1689-gfa11693 (webtiles) character file.

65 Nikss the Grave Robber (level 3, 0/26 HPs)
             Began as a Draconian Necromancer on June 23, 2014.
             Succumbed to an adder's poison
             ... on Level 2 of the Dungeon on June 25, 2014.
             The game lasted 00:35:08 (2882 turns).

Nikss the Grave Robber (Draconian Necromancer)      Turns: 2882, Time: 00:35:08

HP   0/26        AC  5     Str 10      XL: 3   Next: 94%
MP   6/6         EV 18     Int 15      God:
Gold 92          SH  0     Dex 15 (17) Spells:  2 memorised,  5 levels left

rFire  . . .     SeeInvis .     e - +0 club
rCold  . . .     Clarity  .     (armour unavailable)
rNeg   . . .     rCorr    .     (no shield)
rPois  .         rRot     .     (helmet restricted)
rElec  .         Spirit   .     (no cloak)
SustAb .         Warding  .     (no gloves)
rMut   .         Stasis   .     (no boots)
Gourm  .                        (no amulet)
MR     .....                    (no ring)
                                (no ring)

@: agile, lethally poisoned, not resistant to hostile enchantments, fairly
stealthy
A: unfitting armour, blurry vision 1, mutation resistance 1, cold-blooded, AC +5
a: no special abilities


You were on level 2 of the Dungeon.
You were hungry.

You visited 1 branch of the dungeon, and saw 2 of its levels.

You collected 92 gold pieces.

Inventory:

Hand weapons
 e - a +0 club (weapon)
 g - a +0 club
 i - a +0 sling
 k - a +0 dagger
 l - a +0 dagger
 m - a +0 club
 n - a +0 whip
 p - a +0 club
 q - a +0 dagger
 s - a +0 dagger
 u - a +0 dagger
 y - a +0 club
 B - a +0 club
 F - a +0 club
 G - a +0 sling
 N - a +0 club
 O - a +0 dagger
Missiles
 a - 16 arrows of dispersal
 f - 29 poisoned needles
 h - 82 stones (quivered)
 o - 26 arrows
 E - 11 sling bullets
 I - 18 bolts
Armour
 x - a +0 ring mail
 A - a +0 ring mail
Comestibles
 c - 2 bread rations
 r - a chunk of rat flesh
 H - 6 fruits
Scrolls
 d - a scroll of blinking {unknown}
 j - 3 scrolls of teleportation {unknown}
 t - 4 scrolls of identify {unknown}
 w - a scroll of enchant weapon {unknown}
 K - a scroll of noise {unknown}
 L - 2 scrolls of immolation {unknown}
 M - a scroll of fog {unknown}
Jewellery
 J - an uncursed ring of positive energy {unknown}
Books
 b - a book of Necromancy

   Spells                             Type                      Level
   *Pain                              Necromancy                   1
   *Animate Skeleton                  Necromancy                   1
   Vampiric Draining                  Necromancy                   3
   Regeneration                       Charms/Necromancy            3
   Animate Dead                       Necromancy                   4
   Control Undead                     Necromancy                   4


   Skills:
 + Level 0.2 Fighting
 + Level 2.5 Dodging
 + Level 2.1 Stealth
 + Level 2.7 Spellcasting
 + Level 4.4 Necromancy


You had 5 spell levels left.
You knew the following spells:

 Your Spells              Type           Power        Failure   Level  Hunger
a - Pain                  Necr           ###.         3%          1    #......
b - Animate Skeleton      Necr           N/A          3%          1    #......


Dungeon Overview and Level Annotations

Branches:
Dungeon (2/15)

Altars:


Innate Abilities, Weirdness & Mutations

Your plain brown scales are hard (AC +5).
Your body does not fit into most forms of armour.
Your cold-blooded metabolism reacts poorly to cold.
Your vision is a little blurry.
You are somewhat resistant to further mutation.


Message History

The adder bites you.
* * * LOW HITPOINT WARNING * * *
You are lethally poisoned!
The adder poisons you!
* * * LOW HITPOINT WARNING * * *
You feel sick. The adder closely misses you. The adder barely misses you.
You see here a sling.
Drink which item? (? for menu, Esc to quit)
You feel agile all of a sudden.
It was a potion of agility.
The adder bites you.
* * * LOW HITPOINT WARNING * * *
* * * LOW HITPOINT WARNING * * *
You feel sick.
* * * LOW HITPOINT WARNING * * *
You feel sick. The adder completely misses you.
The adder bites you but does no damage.
You open the door. The adder misses you.
You barely miss the adder.
The adder is lightly wounded.
You die...

.....# #....# .....###....# #####
.....'.'....# #...# .....###....#
#...# #.... .....# #....## #...#
#......# .....# #.....# #...#
#......## .....# #.....# #...#
#........
.....###.....###.S.######.......#
.....'''.......'@.......+......>.
.............###.....####......#
.............###..$............++
####..........##......#..........
#........#.##......#..........
#........#.##...#..#..........
##########..#...#..#..........
#....#####..#.......... #....##
#..#..........


You could see an adder.

Vanquished Creatures
  An adder (D:2)
  A worm (D:2)
  An ooze (D:1)
  4 bats
  3 giant cockroaches
  4 hobgoblins (D:1)
  7 kobolds
  A giant newt (D:1)
  11 goblins
  2 jackals (D:1)
  A quokka (D:2)
  5 rats
41 creatures vanquished.

Vanquished Creatures (collateral kills)
  A giant gecko (D:2)
  An ooze (D:1)
  A goblin (D:2)
  A hobgoblin (D:1)
  3 kobolds (D:1)
7 creatures vanquished.

Vanquished Creatures (others)
  A bat skeleton (D:1)
  A giant newt skeleton (D:1)
  4 goblin skeletons
  3 hobgoblin skeletons (D:1)
  4 kobold skeletons (D:1)
  A rat skeleton (D:2)
14 creatures vanquished.

Grand Total: 62 creatures vanquished

Notes
Turn   | Place    | Note
--------------------------------------------------------------
     0 | D:1      | Nikss, the Draconian Necromancer, began the quest for the Orb.
     0 | D:1      | Reached XP level 1. HP: 14/14 MP: 3/3
     0 | D:1      | Upgraded the game from 0.15-a0-1656-gb4d1502 to 0.15-a0-1689-gfa11693
   174 | D:1      | Learned a level 1 spell: Animate Skeleton
   777 | D:1      | Reached XP level 2. HP: 17/20 MP: 2/4
  1439 | D:1      | Reached XP level 3. HP: 23/26 MP: 4/6
  2824 | D:2      | Gained mutation: You are somewhat resistant to further mutation. [potion of mutation]
  2824 | D:2      | Gained mutation: Your vision is a little blurry. [potion of mutation]
  2880 | D:2      | HP: 1/26 [poisoned by an adder]
  2882 | D:2      | Succumbed to an adder's poison

Action                   || total
-------------------------++-------
Melee: Club              ||   121
 Cast: Pain              ||    49
       Animate Skeleton  ||    17
  Use: Potion            ||     5
